 Dungeon Crawl Stone Soup version 0.29.1-1-gd02db69 (webtiles) character file.

Game seed: 15313721668611545879

655 milkyshrine the Poker (level 7, 0/55 HPs)
             Began as a Demonspawn Abyssal Knight on Feb 8, 2023.
             Was a Priest of Lugonu.
             Succumbed to Crazy Yiuf's poison
             ... on level 6 of the Dungeon.
             The game lasted 00:24:38 (3550 turns).

milkyshrine the Poker (Demonspawn Abyssal Knight)   Turns: 3550, Time: 00:24:39

Health: 0/55       AC: 14    Str: 16    XL:     7   Next: 29%
Magic:  9/9        EV: 15    Int: 11    God:    Lugonu [***...]
Gold:   160        SH:  0    Dex: 13    Spells: 6/6 levels left

rFire   . . .      SeeInvis .   a - +1 spear
rCold   . . .      Faith    .   (no shield)
rNeg    . . .      Spirit   .   o - +2 scale mail {rPois}
rPois   +          Reflect  .   e - +0 helmet
rElec   .          Harm     .   (no cloak)
rCorr   .          Rampage  .   (no gloves)
Will    .....                   j - +1 pair of boots
Stlth   ..........              (no amulet)
HPRegen 0.18/turn               (no ring)
MPRegen 0.11/turn               (no ring)

@: agile, lethally poisoned (0 -> -9)
A: sharp scales 2
a: Renounce Religion, Depart the Abyss, Bend Space, Banish


You were on level 6 of the Dungeon.
You worshipped Lugonu.
Lugonu was most pleased with you.
You visited 1 branch of the dungeon, and saw 4 of its levels.
You visited the Abyss 1 time.

You collected 160 gold pieces.

Inventory:

Hand Weapons
 a - a +1 spear (weapon)
 m - a +1 dagger of freezing
Missiles
 h - a throwing net
 n - 3 poisoned darts
Armour
 e - a +0 helmet (worn)
 j - a +1 pair of boots (worn)
 o - a +2 scale mail of poison resistance (worn)
Scrolls
 b - a scroll of poison {unknown}
 d - 2 scrolls of identify {unknown}
 f - a scroll of summoning
 g - 2 scrolls of enchant armour {unknown}
 k - 2 scrolls of blinking {unknown}
 q - 2 scrolls of teleportation {unknown}
Potions
 c - a potion of flight {unknown}
 i - 2 potions of attraction {unknown}
 l - a potion of degeneration {unknown}
 p - a potion of lignification
 r - a potion of curing {unknown}


   Skills:
 + Level 4.6 Fighting
 + Level 5.0 Polearms
 + Level 3.5 Armour
 + Level 2.5 Dodging
 + Level 0.8 Stealth
 + Level 2.7 Invocations
 + Level 0.7 Evocations


You had 6 spell levels left.
You didn't know any spells.
Your spell library was empty.

Dungeon Overview and Level Annotations

Branches:
Dungeon (3/15)

Altars:
Fedhas

Annotations:
D:6 Crazy Yiuf


Innate Abilities, Weirdness & Mutations

You are mostly covered in razor-sharp scales. (AC +2, Slay +2)


Message History

You open the door. You barely miss Crazy Yiuf.
Crazy Yiuf yells, "Castle canine disdain!"
Crazy Yiuf hits you with a +2 quarterstaff of chaos.
You feel agile all of a sudden.
You hit Crazy Yiuf.
Crazy Yiuf is moderately wounded.
Crazy Yiuf misses you.
You hit Crazy Yiuf.
Crazy Yiuf is heavily wounded.
Crazy Yiuf cries, "Mama!
Buddy fast sing-song."
Crazy Yiuf hits you with a +2 quarterstaff of chaos.
You are confused.
You hit Crazy Yiuf.
Crazy Yiuf is heavily wounded.
Crazy Yiuf hits you with a +2 quarterstaff of chaos!
Crazy Yiuf burns you.
You bump into the tree.
Crazy Yiuf hits you with a +2 quarterstaff of chaos!
Crazy Yiuf attacks as you move away! Crazy Yiuf closely misses you.
You bump into the tree.
Crazy Yiuf barely misses you.
You're too confused to move!
Crazy Yiuf hits you with a +2 quarterstaff of chaos!
* * * LOW HITPOINT WARNING * * *
You are lethally poisoned!
You are too confused!
You bump into the tree.
You feel less confused.
* * * LOW HITPOINT WARNING * * *
You feel very sick. Crazy Yiuf completely misses you.
You barely miss Crazy Yiuf.
Crazy Yiuf is heavily wounded.
* * * LOW HITPOINT WARNING * * *
You feel very sick. Crazy Yiuf misses you. Crazy Yiuf attacks as you move away!
Crazy Yiuf misses you.
* * * LOW HITPOINT WARNING * * *
You feel very sick.
You die...

#.# #...###........#..# #. ####.#
#................## ##. .....#
#..................# ##..
.........##.......####....####...
..##.############## ###..........
.##..# #............ ....##
♣♣♣♣♣##...##....... ....# ###
♣♣♣.♣...#.######..... ....##
#...#♣.g♣@......## ##.... .....#
#...'.♣♣♣♣.......## ##.... .##..#
#)..#♣♣ ♣♣..#....###..... .##..#
### ♣♣####.......... .##..#
#....##..#..# .#...#
#....##.##..# .....#
#############....#..##.## #....#
#............##....##..# #....#
##.###..###..####...##..#.


There were no monsters in sight!

Vanquished Creatures
  Grinder (D:6)
  A water moccasin (D:6)
  A necrophage (D:6)
  2 scorpions (D:6)
  An orc priest (D:6)
  An iguana (D:6)
  4 adders
  A worm (D:2)
  3 dart slugs
  4 orcs (D:6)
  2 endoplasms
  2 giant cockroaches (D:2)
  3 goblins
  9 hobgoblins
  6 jackals
  A quokka (D:2)
  7 ball pythons
  A bat (D:1)
  2 frilled lizards
  6 kobolds
  3 rats
61 creatures vanquished.

Vanquished Creatures (collateral kills)
  A hobgoblin (D:3)
1 creature vanquished.

Vanquished Creatures (others)
  Ijyb (D:3)
1 creature vanquished.

Grand Total: 63 creatures vanquished

Notes
Turn   | Place    | Note
-------+----------+-------------------------------------------
     0 | Abyss:1  | milkyshrine the Demonspawn Abyssal Knight began the quest
                  | for the Orb.
     0 | Abyss:1  | Reached XP level 1. HP: 18/18 MP: 2/2
    10 | D:1      | Escaped the Abyss
   329 | D:1      | Gained mutation: You are partially covered in razor-sharp
                  | scales. (AC +1, Slay +1) [demonic ancestry]
   329 | D:1      | Reached XP level 2. HP: 24/24 MP: 4/4
   819 | D:2      | Reached *** piety under Lugonu
  1198 | D:2      | Reached XP level 3. HP: 28/30 MP: 5/5
  1277 | D:2      | Reached skill level 2 in Polearms
  1816 | D:3      | Reached skill level 1 in Dodging
  1919 | D:3      | Noticed Ijyb
  1943 | D:3      | Killed Ijyb
  1944 | D:3      | Reached XP level 4. HP: 19/37 MP: 6/6
  2159 | D:3      | You fall into a shaft and drop 3 floors!
  2171 | D:6      | Found a blossoming altar of Fedhas.
  2255 | D:6      | Noticed a necrophage
  2264 | D:6      | Killed a necrophage
  2265 | D:6      | Reached skill level 3 in Polearms
  2265 | D:6      | Gained mutation: You are mostly covered in razor-sharp
                  | scales. (AC +2, Slay +2) [demonic ancestry]
  2265 | D:6      | Reached XP level 5. HP: 42/42 MP: 7/7
  2620 | D:6      | Reached XP level 6. HP: 19/49 MP: 8/8
  2718 | D:6      | Reached skill level 4 in Polearms
  3049 | D:6      | Noticed a water moccasin
  3057 | D:6      | Killed a water moccasin
  3060 | D:6      | Noticed Grinder
  3068 | D:6      | Paralysed by Grinder for 2 turns
  3080 | D:6      | Paralysed by Grinder for 5 turns
  3091 | D:6      | Paralysed by Grinder for 3 turns
  3099 | D:6      | Killed Grinder
  3099 | D:6      | Reached **** piety under Lugonu
  3100 | D:6      | Reached skill level 5 in Polearms
  3100 | D:6      | Reached XP level 7. HP: 13/55 MP: 9/9
  3533 | D:6      | Found a runed translucent door.
  3534 | D:6      | Noticed Crazy Yiuf
  3549 | D:6      | HP: 2/55 [poisoned by Crazy Yiuf]
  3550 | D:6      | Succumbed to Crazy Yiuf's poison

Illustrated notes

Levels and vault maps discovered:
D:1:      lightli_arrival_quake, layout_rooms, st_stairs_6
D:2:      layout_loops_corners
D:3:      layout_basic, uniq_ijyb
D:6:      layout_layer_cave, lemuel_doored_altar, uniq_crazy_yiuf_cottage,
          uniq_grinder

Skill      XL: |  1  2  3  4  5  6 |
---------------+-------------------+-----
Armour         | 2 3 |  3.5
Polearms       | 2 3 5 |  5.0
Dodging        | 1 2 |  2.5
Fighting       | 4 |  4.6
Stealth        | |  0.8
Invocations    | |  2.7
Evocations     | |  0.7

Action                   |  1- 3 |  4- 6 |  7- 9 || total
-------------------------+-------+-------+-------++-------
Melee: Spear             |   141 |   135 |     5 ||   281
       Punch             |     2 |     1 |       ||     3
Evoke: Wand              |       |     6 |       ||     6
  Use: Scroll            |     3 |       |       ||     3
       Potion            |     1 |       |       ||     1
 Stab: Sleeping          |     1 |       |       ||     1
Armor: Leather armour    |    33 |       |       ||    33
       Scale mail        |     9 |    62 |       ||    71
Dodge: Dodged            |    72 |    53 |     6 ||   131
